 Dungeon Crawl Stone Soup version 0.25-a0-667-gb977e01cb5 (webtiles) character file.

Game seed: 5964814903081321856, levelgen mode: deterministic

3230 daweed the Basher (level 9, -7/78 HPs)
             Began as a Minotaur Berserker on Mar 27, 2020.
             Was a High Priest of Trog.
             Mangled by a hornet (12 damage)
             ... while paralysed by a hornet
             ... on level 8 of the Dungeon.
             The game lasted 00:44:18 (7961 turns).

daweed the Basher (Minotaur Berserker)              Turns: 7961, Time: 00:44:19

Health: -7/78      AC:  7    Str: 23    XL:     9   Next: 66%
Magic:  8/8        EV:  2    Int:  4    God:    Trog [*****.]
Gold:   534        SH:  0    Dex: 12    Spells: 8/8 levels left

rFire    + . .     SeeInvis .   f - +0 whip
rCold    . . .     Gourm    +   B - +0 tower shield
rNeg     . . .     Faith    .   t - +0 ring mail
rPois    .         Spirit   .   (helmet restricted)
rElec    .         Reflect  .   (no cloak)
rCorr    .         Harm     .   b - +0 pair of gloves
MR       +....                  (no boots)
Stlth    +.........             l - amulet of the gourmand
HPRegen  0.23/turn              h - ring of protection from magic
MPRegen  0.11/turn              m - ring of protection from fire

@: paralysed, lethally poisoned (-7 -> -8), slowed
A: retaliatory headbutt, horns 2
a: Berserk, Trog's Hand, Brothers in Arms, Renounce Religion


You were on level 8 of the Dungeon.
You worshipped Trog.
Trog was extremely pleased with you.
You were completely stuffed.

You visited 1 branch of the dungeon, and saw 8 of its levels.
You also visited: Ossuary.

You collected 534 gold pieces.

Inventory:

Hand Weapons
 f - a +0 whip (weapon)
Missiles
 i - 27 poisoned darts (quivered)
Armour
 b - a +0 pair of gloves (worn)
 t - a +0 ring mail (worn)
 B - a +0 tower shield (worn)
 H - the +2 chain mail of the Final Souls {+Fly rElec Dex-5 Stlth+, unknown}
   (You found it on level 7 of the Dungeon)

   It affects your dexterity (-5).
   It insulates you from electricity.
   It lets you fly.
   It makes you more stealthy.
Jewellery
 h - a ring of protection from magic (left hand)
 l - an amulet of the gourmand (around neck)
 m - a ring of protection from fire (right hand)
 q - an uncursed ring of flight
 s - an uncursed ring of stealth
 F - an uncursed ring of resist corrosion
Wands
 a - a wand of flame (43)
 L - a wand of paralysis (10)
Scrolls
 d - 5 scrolls of teleportation
 e - 2 scrolls of amnesia
 p - 5 scrolls of remove curse
 r - a scroll of enchant armour {unknown}
 v - 4 scrolls of magic mapping
 y - 2 scrolls of noise {unknown}
 z - a scroll of random uselessness {unknown}
 A - a scroll of fear {unknown}
 D - 3 scrolls of immolation {unknown}
 E - a scroll of fog {unknown}
 G - 2 scrolls of enchant weapon {unknown}
Potions
 g - a potion of flight
 j - 3 potions of curing
 k - 4 potions of haste
 n - 4 potions of brilliance
 o - 4 potions of degeneration
 u - a potion of mutation {unknown}
 w - a potion of stabbing
 x - 3 potions of magic
 C - a potion of lignification {unknown}
 I - 2 potions of heal wounds
 J - a potion of cancellation {unknown}
Comestibles
 c - 14 rations
 K - 2 chunks of flesh


   Skills:
 + Level 6.9 Fighting
 + Level 9.7 Maces & Flails
 + Level 2.2 Throwing
 + Level 7.3 Armour
 + Level 5.0 Dodging
 + Level 2.2 Stealth
 + Level 7.4 Shields


You had 8 spell levels left.
You didn't know any spells.
Your spell library was empty.

Dungeon Overview and Level Annotations

Branches:
Dungeon (8/15)             Temple (0/1) D:7         Ossuary (visited)
   Lair: D:8-11

Altars:
Cheibriados
Dithmenos
Elyvilon
Hepliaklqana
Nemelex Xobeh
Okawaru
Vehumet
Wu Jian
Xom
Yredelemnul
Beogh

Shops:
D:7 =

Annotations:
D:7 2 transporters, exclusion: statue


Innate Abilities, Weirdness & Mutations

You reflexively headbutt those who attack you in melee.
You have a pair of horns on your head.


Message History

You headbutt the hornet, but do no damage.
The hornet is almost dead.
You block the hornet's attack.
You hit the hornet but do no damage.
You headbutt the hornet, but do no damage.
The hornet is almost dead.
You feel sick. You block the hornet's attack.
You closely miss the hornet.
The hornet is almost dead.
You block the hornet's attack. The hornet stings you.
* * * LOW HITPOINT WARNING * * *
You suddenly lose the ability to move!
The hornet stings you!
* * * LOW HITPOINT WARNING * * *
You feel yourself slow down.
You feel sick. The hornet barely misses you. The hornet stings you!
* * * LOW HITPOINT WARNING * * *
You feel as though you will be slow longer.
The hornet stings you!
You die...

###............<.....
##.#..............#...
##...###...............
##.....##.##............
###....#######............
#####^..####.#.#.#.#..........
##..#....# +#.#†##.#.......(..
#..(....<# #y#†#..............
##......># #@#.##.........
######### ######........
>........ ......... .........
..##.###.# ..


You could see a hornet.

Vanquished Creatures
  A hornet (D:8)
  Eustachio (D:6)
  A soldier ant (D:8)
  Duvessa (D:7)
  A water moccasin (D:5)
  An orc warrior (D:7)
  2 phantoms
  A necrophage (D:5)
  5 centaurs
  2 ogres
  A big kobold (D:7)
  An elf zombie (Ossuary)
  Dowan (D:7)
  4 scorpions
  3 killer bees (D:7)
  A howler monkey (D:6)
  3 centaur zombies (Ossuary)
  A human zombie (Ossuary)
  A centaur skeleton (D:5)
  A hound (D:4)
  A jelly (D:6)
  5 orc wizards
  3 orc priests
  A bullfrog skeleton (D:6)
  An iron imp (D:6)
  An iguana (D:5)
  7 worker ants
  2 big kobold zombies (Ossuary)
  3 mummies (Ossuary)
  A hound skeleton (D:5)
  2 hound zombies (D:5)
  4 gnolls (D:5)
  7 adders
  3 shadow imps
  2 oozes
  5 adder zombies (Ossuary)
  3 worms
  A dart slug (D:2)
  3 leopard geckos
  22 orcs
  7 bats
  5 giant cockroaches
  A gnoll zombie (Ossuary)
  3 hobgoblins (D:1)
  3 jackals (D:6)
  6 quokkas
  6 frilled lizards
  6 goblins
  5 goblin zombies (Ossuary)
  2 hobgoblin zombies (Ossuary)
  A jackal skeleton (D:4)
  7 jackal zombies
  13 kobolds
  3 kobold zombies (Ossuary)
  2 quokka skeletons
  2 quokka zombies
  6 rats
  8 rat zombies (Ossuary)
196 creatures vanquished.

Vanquished Creatures (others)
  A quokka (D:5)
1 creature vanquished.

Grand Total: 197 creatures vanquished

Notes
Turn   | Place    | Note
-------+----------+-------------------------------------------
     0 | D:1      | daweed the Minotaur Berserker began the quest for the Orb.
     0 | D:1      | Reached XP level 1. HP: 19/19 MP: 0/0
   187 | D:1      | Reached skill level 4 in Maces & Flails
   187 | D:1      | Reached XP level 2. HP: 20/27 MP: 1/1
  1196 | D:2      | Reached XP level 3. HP: 33/34 MP: 2/2
  1407 | D:2      | Found a shadowy altar of Dithmenos.
  1469 | D:2      | Found a hazy altar of Hepliaklqana.
  1783 | D:3      | Reached ** piety under Trog
  1919 | D:3      | Reached XP level 4. HP: 27/41 MP: 3/3
  2091 | D:3      | Reached skill level 5 in Maces & Flails
  2121 | D:3      | Found an iron altar of Okawaru.
  2604 | D:4      | Found an ornate altar of the Wu Jian Council.
  2616 | D:4      | Reached XP level 5. HP: 36/47 MP: 4/4
  2672 | D:4      | Noticed an ogre
  2857 | D:4      | Found a shimmering altar of Xom.
  2865 | D:4      | Noticed a phantom
  3059 | D:4      | Killed an ogre
  3059 | D:4      | Reached skill level 1 in Throwing
  3148 | D:4      | Killed a phantom
  3148 | D:4      | Reached skill level 5 in Fighting
  3148 | D:4      | Reached skill level 6 in Maces & Flails
  3148 | D:4      | Reached XP level 6. HP: 28/56 MP: 5/5
  3222 | D:4      | Found a sand-covered staircase.
  3226 | Ossuary  | Entered an ossuary
  3251 | Ossuary  | Reached *** piety under Trog
  3468 | Ossuary  | Reached skill level 5 in Armour
  3468 | Ossuary  | Reached XP level 7. HP: 38/61 MP: 6/6
  3895 | Ossuary  | Reached skill level 7 in Maces & Flails
  4117 | D:4      | Found a sparkling altar of Nemelex Xobeh.
  4321 | D:5      | Entered Level 5 of the Dungeon
  4363 | D:5      | Reached **** piety under Trog
  4488 | D:5      | Reached skill level 8 in Maces & Flails
  4488 | D:5      | Reached skill level 1 in Shields
  4488 | D:5      | Reached XP level 8. HP: 34/70 MP: 7/7
  4780 | D:5      | Found a white marble altar of Elyvilon.
  4790 | D:5      | Reached skill level 1 in Stealth
  5822 | D:6      | Found a basalt altar of Yredelemnul.
  6058 | D:6      | Reached skill level 9 in Maces & Flails
  6128 | D:6      | Found a snail-covered altar of Cheibriados.
  6319 | D:6      | Reached skill level 5 in Shields
  6754 | D:6      | Noticed Eustachio
  6799 | D:6      | Killed Eustachio
  6799 | D:6      | Reached XP level 9. HP: 61/78 MP: 8/8
  7076 | D:7      | Noticed Duvessa
  7081 | D:7      | Noticed Dowan
  7098 | D:7      | Killed Duvessa
  7111 | D:7      | Killed Dowan
  7239 | D:7      | Found a transporter.
  7273 | D:7      | Reached ***** piety under Trog
  7273 | D:7      | Received a gift from Trog
  7521 | D:7      | Found a staircase to the Ecumenical Temple.
  7581 | D:7      | Found a shadowy altar of Dithmenos.
  7598 | D:7      | Found a radiant altar of Vehumet.
  7607 | D:7      | Found Fik But's Jewellery Shop.
  7615 | D:7      | Got a transparent chain mail
  7710 | D:7      | Found a roughly hewn altar of Beogh.
  7710 | D:7      | Found a transporter.
  7942 | D:8      | Reached skill level 5 in Dodging
  7958 | D:8      | Paralysed by a hornet for 3 turns
  7961 | D:8      | Mangled by a hornet

Levels and vault maps discovered:
D:1:      lightli_arrival_statue_moat, layout_basic, serial_rivers,
          chequers_serial_rivers_micro_b, chequers_serial_rivers_micro_a,
          chequers_serial_rivers_micro_a, chequers_serial_rivers_micro_a,
          chequers_serial_rivers_room_b, chequers_serial_rivers_small_3
D:2:      layout_rooms, grunt_dithmenos_smoke, old_standard_altar, first_ration
D:3:      layout_loops_ring, kennysheep_okawaru_gauntlet
D:4:      layout_rooms, lemuel_crystal_altar, overflow_temple_1_default,
          nemelex_altar_shiori, enter_ossuary_5
D:5:      layout_gridville, elyvilon_altar_4, minmay_misc_feat_chi,
          chequers_serial_rivers_small_b
D:6:      layout_basic, slow_altar_1, yredelemnul_altar_generic, uniq_eustachio
D:7:      gammafunk_beogh_shrine, layout_rooms, vehumet_statue,
          minmay_temple_entry_crystal_x, basic_altar, serial_shops,
          kennysheep_mini, uniq_duvessa
D:8:      layout_cave_pools, serial_shops, shop_scrolls,
          hangedman_pestilent_swarm, uniq_prince_ribbit1

Skill      XL: |  1  2  3  4  5  6  7  8  9 |
---------------+----------------------------+-----
Maces & Flails | 4 5 6 8 9 |  9.7
Fighting       | 4 5 6 |  6.9
Armour         | 3 4 5 6 7 |  7.3
Throwing       | 1 2 |  2.2
Dodging        | 3 4 5 |  5.0
Shields        | 1 5 7 |  7.4
Stealth        | 1 2 |  2.2

Action                   |  1- 3 |  4- 6 |  7- 9 || total
-------------------------+-------+-------+-------++-------
Melee: Mace              |    68 |       |       ||    68
       Headbutt          |    13 |    37 |   146 ||   196
       Whip              |    13 |   171 |   546 ||   730
Throw: Dart              |    13 |    22 |     3 ||    38
Invok: Berserk           |       |     1 |     4 ||     5
  Use: Scroll            |     1 |     2 |     1 ||     4
       Potion            |       |     7 |     2 ||     9
  Eat: Chunk             |    12 |     4 |    20 ||    36
Armor: Animal skin       |     4 |       |       ||     4
       Leather armour    |    12 |       |       ||    12
       Ring mail         |     4 |    68 |   122 ||   194
Dodge: Dodged            |    45 |    86 |   105 ||   236
Block: Tower shield      |       |       |   331 ||   331

Table legend:
 A = Non-vault XP
 B = Vault XP
 C = Vault XP percentage of total XP
 D = Non-vault monster count
 E = Vault monster count
 F = Vault count percentage of total count
                 A         B        C        D         E       F
            +---------+---------+-------+---------+---------+-------
      Total |    3243 |    1372 |  29.7 |     148 |      48 |  24.5
            +---------+---------+-------+---------+---------+-------
        D:1 |      37 |       0 |   0.0 |      21 |       0 |   0.0
        D:2 |      36 |       0 |   0.0 |      13 |       0 |   0.0
        D:3 |      86 |       0 |   0.0 |      18 |       0 |   0.0
        D:4 |     458 |       0 |   0.0 |      19 |       0 |   0.0
        D:5 |    1097 |       0 |   0.0 |      30 |       0 |   0.0
        D:6 |     591 |     224 |  27.5 |      23 |       2 |   8.0
        D:7 |     892 |     230 |  20.5 |      21 |       2 |   8.7
        D:8 |      46 |     475 |  91.2 |       3 |       3 |  50.0
    Ossuary |       0 |     443 | 100.0 |       0 |      41 | 100.0
            +---------+---------+-------+---------+---------+-------
